[Event "FIDE World Rapid Chess Championship 2021"]
[White "Saraci, Nderim"]
[Black "Kadric, Denis"]
[WhiteFideId "6351921"]
[BlackFideId "14403803"]
[WhiteElo "2414"]
[BlackElo "2542"]
[Result "1-0"]
[Round "09"]
[TimeControl "900+10"]
[Date "2021.12.27"]
[WhiteClock "0:00:26"]
[BlackClock "0:00:08"]

1. e4 d6 2. d4 Nf6 3. Nc3 e5 4. Nf3 Nbd7 5. Bc4 Be7 6. O-O O-O 7. h3 c6 8. a4 h6 9. Qe2 exd4 10. Nxd4 Re8 11. Ba2 Bf8 12. Qf3 Nc5 13. Re1 d5 14. e5 Nh7 15. Qg3 Kh8 16. Be3 Qc7 17. f4 Ne6 18. Rad1 Bd7 19. Qf2 b6 20. Nce2 Nc5 21. Ng3 f6 22. Nf3 Nxa4 23. c3 Be7 24. Bb1 Nf8 25. Bd4 fxe5 26. Nxe5 Bh4 27. Nf7+ Kg8 28. Be5 Rxe5 29. Nxe5 Nxb2 30. Qxb2 Bxg3 31. Rf1 Bxf4 32. Rxf4 Qxe5 33. Rdf1 Ne6 34. Rf7 Rf8 35. Qf2 Rd8 36. h4 Kh8 37. Rf8+ 1-0


[Site "http://www.Chess.com"]

[Event "FIDE World Rapid Chess Championship 2021"]
[White "Baum, Jonasz"]
[Black "Gagunashvili, Merab"]
[WhiteFideId "1195360"]
[BlackFideId "13601652"]
[WhiteElo "2343"]
[BlackElo "2538"]
[Result "0-1"]
[Round "09"]
[TimeControl "900+10"]
[Date "2021.12.27"]
[WhiteClock "0:00:48"]
[BlackClock "0:01:02"]

1. d4 d5 2. c4 c6 3. Nf3 Nf6 4. Nc3 dxc4 5. a4 Bf5 6. e3 e6 7. Bxc4 Bb4 8. O-O O-O 9. Nh4 Bg4 10. f3 Bh5 11. g4 Bg6 12. Nxg6 hxg6 13. e4 Nbd7 14. Qb3 Qb6 15. Be3 e5 16. Rad1 Rad8 17. Kg2 exd4 18. Rxd4 Bc5 19. Qxb6 axb6 20. Rd3 Ne5 21. Rxd8 Rxd8 22. Bxc5 bxc5 23. Ba2 g5 24. Rd1 Rxd1 25. Nxd1 Kf8 26. Kf2 Ke7 27. Ke2 Nfd7 28. Ne3 g6 29. a5 Kd6 30. Bc4 Kc7 31. b3 b6 32. axb6+ Kxb6 33. Kf2 Ka5 34. Be2 Kb4 35. h4 gxh4 36. f4 Kxb3 37. fxe5 Nxe5 38. g5 c4 39. Bd1+ Kb2 40. Ba4 c5 41. Kg2 Kc3 42. Kh3 Kd3 43. Nc2 Kxe4 44. Kxh4 Kf4 45. Bb5 Nf3+ 46. Kh3 Nxg5+ 47. Kg2 c3 48. Be8 Ke4 49. Kf1 Kd3 50. Ba4 Nf3 51. Kf2 Nd4 52. Ne1+ Kd2 53. Be8 f6 54. Bxg6 c2 55. Nxc2 Nxc2 56. Kf3 c4 57. Ke4 c3 58. Be8 Nd4 59. Ba4 Ne6 60. Kd5 f5 0-1


[Site "http://www.Chess.com"]

[Event "FIDE World Rapid Chess Championship 2021"]
[White "Lima, Darcy"]
[Black "Sadzikowski, Daniel"]
[WhiteFideId "2100045"]
[BlackFideId "1132253"]
[WhiteElo "2505"]
[BlackElo "2414"]
[Result "1/2-1/2"]
[Round "09"]
[TimeControl "900+10"]
[Date "2021.12.27"]
[WhiteClock "0:02:45"]
[BlackClock "0:02:58"]

1. d4 Nf6 2. c4 e6 3. Nf3 d5 4. g3 Be7 5. Bg2 O-O 6. O-O Nbd7 7. Qc2 c6 8. Rd1 b6 9. b3 Bb7 10. Nc3 Rc8 11. e4 h6 12. Bb2 Qc7 13. Rac1 dxe4 14. Nxe4 c5 15. Nxf6+ Bxf6 16. dxc5 bxc5 17. Bxf6 Nxf6 18. Qe2 Bxf3 19. Bxf3 Rfd8 20. Rd2 Rxd2 21. Qxd2 Rd8 22. Qc3 a5 23. Rd1 Rxd1+ 24. Bxd1 Kf8 25. a3 Nd7 26. Bc2 Ne5 27. Be4 f5 28. f4 Nd7 29. Bg2 Nf6 30. h3 Kf7 31. Qe3 Qd6 32. Bf3 g5 33. Kf2 Kg6 34. Ke2 gxf4 35. gxf4 Kf7 36. Qd2 Qxd2+ 37. Kxd2 Ke7 38. Kc3 Kd6 39. b4 axb4+ 40. axb4 cxb4+ 41. Kxb4 Nd7 42. Kb5 Nc5 43. Be2 Nd7 44. Bf1 Nc5 45. Be2 1/2-1/2


[Site "http://www.Chess.com"]

[Event "FIDE World Rapid Chess Championship 2021"]
[White "Blanco Acevedo, Cristobal Jose"]
[Black "Zilka, Stepan"]
[WhiteFideId "3900525"]
[BlackFideId "315303"]
[WhiteElo "2289"]
[BlackElo "2474"]
[Result "0-1"]
[Round "09"]
[TimeControl "900+10"]
[Date "2021.12.27"]
[WhiteClock "0:00:14"]
[BlackClock "0:03:51"]

1. d4 d5 2. Nf3 Nf6 3. c4 c6 4. e3 e6 5. Nc3 Nbd7 6. Qc2 Bd6 7. Bd3 O-O 8. b3 h6 9. Bb2 b6 10. e4 dxe4 11. Nxe4 Nxe4 12. Bxe4 Bb7 13. O-O-O Nf6 14. Bd3 Qe7 15. Kb1 a5 16. g4 Ba3 17. Ba1 c5 18. g5 Bxf3 19. gxf6 Bxd1 20. Bh7+ Kh8 21. fxg7+ Kxg7 22. d5+ f6 23. Rxd1 Kh8 24. Be4 exd5 25. cxd5 c4 26. f3 cxb3 27. Qd2 Qg7 28. axb3 Bd6 29. Bd4 Qg5 30. Be3 Qh4 31. Bxh6 Rfc8 32. Be3 Bb4 33. Qe2 Rc3 34. Bd4 Rxb3+ 35. Ka2 a4 36. Bc2 Bc3 37. Bf2 Ra3+ 0-1


[Site "http://www.Chess.com"]

[Event "FIDE World Rapid Chess Championship 2021"]
[White "Postny, Evgeny"]
[Black "Dragnev, Valentin"]
[WhiteFideId "2804344"]
[BlackFideId "1634852"]
[WhiteElo "2454"]
[BlackElo "2409"]
[Result "1-0"]
[Round "09"]
[TimeControl "900+10"]
[Date "2021.12.27"]
[WhiteClock "0:00:39"]
[BlackClock "0:02:06"]

1. d4 Nf6 2. Bg5 d5 3. e3 c5 4. Bxf6 gxf6 5. dxc5 e6 6. c4 dxc4 7. Nd2 c3 8. bxc3 Nd7 9. c6 bxc6 10. Ngf3 Bg7 11. Be2 O-O 12. O-O f5 13. Qc2 Bb7 14. Nc4 Qc7 15. Nfd2 Rfd8 16. Rab1 c5 17. Rxb7 Qxb7 18. Bf3 Qc7 19. Bxa8 Rxa8 20. e4 fxe4 21. Nxe4 Ne5 22. Qe2 Rd8 23. h3 h6 24. Rb1 Nxc4 25. Qxc4 Rd5 26. Qa4 Kh7 27. Ng3 Qd7 28. Qe4+ f5 29. Qe3 c4 30. Qe2 Rd3 31. Nh5 Rxc3 32. Nxg7 Qd3 33. Qe1 Kxg7 34. Qe5+ Kg6 35. Qxe6+ Kg5 36. Qe7+ Kf4 37. Re1 1-0


[Site "http://www.Chess.com"]

[Event "FIDE World Rapid Chess Championship 2021"]
[White "Krasenkow, Michal"]
[Black "Aditya, Mittal"]
[WhiteFideId "1113100"]
[BlackFideId "35042025"]
[WhiteElo "2430"]
[BlackElo "1488"]
[Result "1-0"]
[Round "09"]
[TimeControl "900+10"]
[Date "2021.12.27"]
[WhiteClock "0:01:21"]
[BlackClock "0:00:26"]

1. d4 Nf6 2. c4 e6 3. Nf3 d5 4. g3 Bb4+ 5. Bd2 Bd6 6. Qc2 O-O 7. Bg5 Nbd7 8. Nbd2 h6 9. Bxf6 Nxf6 10. Bg2 b6 11. O-O Bb7 12. cxd5 exd5 13. Nh4 Re8 14. Nc4 Bf8 15. Ne5 c5 16. e3 Rc8 17. Qe2 Rc7 18. f4 Qc8 19. Rfc1 cxd4 20. Rxc7 Qxc7 21. exd4 Rc8 22. Bh3 Qc2 23. Qb5 Rc7 24. Nhf3 Ne4 25. Rf1 Nd6 26. Qb3 Ba6 27. Qxc2 Rxc2 28. Rb1 Bc4 29. Nxc4 Nxc4 30. Ne5 Nxe5 31. dxe5 Bc5+ 32. Kh1 Be3 33. Bf5 Rf2 34. Bd3 g6 35. a4 Rd2 36. Bb5 d4 37. b4 Ra2 38. Re1 Rb2 39. Re2 Rxb4 40. Rc2 a6 41. Bxa6 Rxa4 42. Rc8+ Kg7 43. Bc4 Ra7 44. Kg2 Rd7 45. Bd3 Rd5 46. Kf3 Rc5 47. Rb8 Rc6 48. Ke4 f5+ 49. Kd5 Rc5+ 50. Kd6 Rc3 51. e6 Bc1 52. Ra8 Ra3 53. Ba6 Re3 54. Ra7+ Kh8 55. Bc4 d3 56. e7 d2 57. Bb3 Rd3+ 58. Ke6 Re3+ 59. Kf7 1-0


[Site "http://www.Chess.com"]

[Event "FIDE World Rapid Chess Championship 2021"]
[White "Wieczorek, Oskar"]
[Black "Tologontegin, Semetey"]
[WhiteFideId "1133950"]
[BlackFideId "13800574"]
[WhiteElo "2367"]
[BlackElo "2300"]
[Result "1-0"]
[Round "09"]
[TimeControl "900+10"]
[Date "2021.12.27"]
[WhiteClock "0:00:26"]
[BlackClock "0:00:16"]

1. e4 c5 2. Nf3 d6 3. d4 cxd4 4. Nxd4 Nf6 5. Nc3 g6 6. g3 Bg7 7. Bg2 O-O 8. O-O Nc6 9. Nde2 Bd7 10. h3 Rc8 11. b3 a6 12. Be3 b5 13. a4 Nb4 14. axb5 axb5 15. Rc1 Qc7 16. Qd2 Rfd8 17. Rfe1 Qb8 18. g4 Be8 19. g5 Nd7 20. Nd5 Nxd5 21. exd5 b4 22. Bd4 Nc5 23. Bxg7 Kxg7 24. Nd4 Rc7 25. h4 Qc8 26. Qf4 Kg8 27. h5 e5 28. dxe6 fxe6 29. Bh3 e5 30. Bxc8 exf4 31. Be6+ Bf7 32. Bxf7+ Kxf7 33. h6 Rdd7 34. Kg2 Re7 35. Kf3 Re5 36. Nb5 Nd3 37. cxd3 Rxc1 38. Nxd6+ Ke6 39. Rxc1 Kxd6 40. Kxf4 Rf5+ 41. Kg4 Rxf2 42. Rc4 Rg2+ 43. Kf4 Rf2+ 44. Ke3 Rg2 45. Rxb4 Rg3+ 46. Kd2 Rxg5 47. Rb7 Rh5 48. Rxh7 g5 49. b4 g4 50. Rg7 Rxh6 51. Rxg4 Rh1 52. Rg5 Kc6 53. Rc5+ Kb6 54. Rf5 Rb1 55. Kc3 Rc1+ 56. Kb3 Rb1+ 57. Kc4 Rc1+ 58. Kd4 Rb1 59. Kc3 Rc1+ 60. Kb2 Rd1 61. Kc2 Rh1 62. d4 Rh3 63. Rc5 Rg3 64. d5 Rg6 65. Kb3 Rg1 66. Rc6+ Kb5 67. Rc5+ Kb6 68. Kc4 Rc1+ 69. Kd4 Rb1 70. d6 Rxb4+ 71. Kd5 Rb1 72. Rc4 Rd1+ 73. Ke6 Re1+ 74. Kd7 Rd1 75. Rc2 Rd3 76. Rb2+ Ka7 77. Kc7 Rc3+ 78. Kd8 Rd3 79. d7 Rd1 80. Re2 Kb7 81. Ke7 Kc7 82. Rc2+ Kb6 1-0


[Site "http://www.Chess.com"]

[Event "FIDE World Rapid Chess Championship 2021"]
[White "Kuzmicz, Krystian"]
[Black "Kolosowski, Mateusz"]
[WhiteFideId "1119125"]
[BlackFideId "1129708"]
[WhiteElo "2314"]
[BlackElo "2371"]
[Result "0-1"]
[Round "09"]
[TimeControl "900+10"]
[Date "2021.12.27"]
[WhiteClock "0:00:41"]
[BlackClock "0:02:53"]

1. Nf3 Nf6 2. b3 g6 3. Bb2 Bg7 4. g3 O-O 5. Bg2 d6 6. d4 c5 7. O-O Nc6 8. c4 Bg4 9. Nbd2 cxd4 10. Nxd4 Qd7 11. Re1 Rac8 12. N2f3 Rfd8 13. Nxc6 bxc6 14. Qc2 Qf5 15. Qxf5 Bxf5 16. Rac1 c5 17. Bc3 Be4 18. Ba5 Re8 19. Bh3 Rc6 20. Nd2 Ra6 21. Bc3 Bc6 22. Rc2 Rb6 23. Bg2 Bxg2 24. Kxg2 Ra8 25. Ba5 Ra6 26. Bc3 Rc6 27. Ba5 Nd7 28. Nf3 Ra6 29. Bd2 Nb8 30. e3 Nc6 31. Re2 Rb6 32. Bc3 a5 33. Bxg7 Kxg7 34. Rc3 a4 35. Rb2 axb3 36. axb3 Ra1 37. h4 Rba6 38. Rbc2 Nb4 39. Rc1 R1a2 40. Rb1 h6 41. Ne1 Rd2 42. Nf3 Re2 43. Ng1 Rea2 44. Nf3 Kf6 45. g4 Ke6 46. Ne1 Re2 47. Nd3 Nxd3 48. Rxd3 Raa2 49. Rf1 Reb2 50. h5 gxh5 51. gxh5 Ra3 52. Kf3 Raxb3 53. Rxb3 Rxb3 54. Rg1 Rc3 55. Rg8 Rxc4 56. Rh8 Kf6 0-1


[Site "http://www.Chess.com"]

[Event "FIDE World Rapid Chess Championship 2021"]
[White "Yunusov, Mukhammad"]
[Black "Kanarek, Marcel"]
[WhiteFideId "14700930"]
[BlackFideId "1126822"]
[WhiteElo "1832"]
[BlackElo "2296"]
[Result "0-1"]
[Round "09"]
[TimeControl "900+10"]
[Date "2021.12.27"]
[WhiteClock "0:00:22"]
[BlackClock "0:00:23"]

1. d4 Nf6 2. Nf3 g6 3. Nc3 d5 4. Bf4 c6 5. e3 Bg7 6. Bd3 O-O 7. O-O Nbd7 8. h3 c5 9. Nb5 a6 10. Nc3 b5 11. a3 Bb7 12. Re1 Ne4 13. Bxe4 dxe4 14. Ng5 Nf6 15. Be5 Re8 16. h4 h6 17. Nh3 Qb6 18. dxc5 Qxc5 19. Qd4 Rac8 20. Rad1 Qxd4 21. Rxd4 Bf8 22. Bxf6 exf6 23. Rd7 Bc6 24. Ra7 Ra8 25. Rxa8 Rxa8 26. Rd1 g5 27. g3 Kg7 28. Kg2 Be7 29. Ng1 Rd8 30. Rxd8 Bxd8 31. Nge2 Kg6 32. Na2 Kh5 33. hxg5 fxg5 34. Nd4 Bd7 35. Nb4 a5 36. Nd5 Kg6 37. Nc3 b4 38. axb4 axb4 39. Nxe4 Be7 40. Nd2 h5 41. f3 h4 42. g4 Kf6 43. Ne4+ Ke5 44. Nd2 Kd5 45. c4+ bxc3 46. bxc3 Bc8 47. Kh3 Ba6 48. f4 f6 49. Nf5 Bd8 50. Nd4 Bd3 51. N4f3 Kc5 52. e4 gxf4 53. Nxh4 Kd6 54. Ng6 f3 55. Kg3 Ba5 56. Kxf3 Bxc3 57. Nb3 Bc2 58. Nc1 Bd1+ 59. Ne2 Bd2 60. Kf2 Kc5 61. e5 Bc2 62. exf6 Bxg6 63. Ng3 Bg5 64. Kf3 Kd5 65. Nh5 Ke5 66. Kg3 Ke4 67. Ng7 Bxf6 68. Nf5 Bg5 69. Kh3 Kf4 70. Nd4 Be7 71. Ne6+ Ke5 72. Ng7 Kf6 73. Nh5+ Kg5 74. Ng3 Bb1 75. Nf5 Bd8 76. Ng7 Ba2 77. Nf5 Bc7 78. Nd4 Bc4 79. Nf3+ Kf4 80. Nh4 Bf1+ 81. Kh2 Kxg4+ 82. Kg1 Bh3 83. Ng6 Kg3 84. Nh4 Bb6+ 85. Kh1 Kxh4 86. Kh2 Bc7+ 87. Kg1 Kg3 88. Kh1 Bg2+ 0-1


[Site "http://www.Chess.com"]

[Event "FIDE World Rapid Chess Championship 2021"]
[White "Toczek, Grzegorz"]
[Black "Lopusiewicz, Piotr"]
[WhiteFideId "1106457"]
[BlackFideId "1116029"]
[WhiteElo "2220"]
[BlackElo "2197"]
[Result "0-1"]
[Round "09"]
[TimeControl "900+10"]
[Date "2021.12.27"]
[WhiteClock "0:01:08"]
[BlackClock "0:01:20"]

1. e4 e5 2. Nf3 Nc6 3. d4 exd4 4. Bc4 Nf6 5. e5 d5 6. Bb5 Nd7 7. O-O Be7 8. Re1 O-O 9. Bxc6 bxc6 10. Nxd4 Nb8 11. Qf3 c5 12. Nf5 Bxf5 13. Qxf5 Nc6 14. c3 Qc8 15. Qf3 Qe6 16. Qe2 Rae8 17. Nd2 Bd6 18. Nf3 Nxe5 19. Nxe5 Bxe5 20. Kf1 Bxh2 21. Qxe6 fxe6 22. Bd2 Bf4 23. Rad1 c6 24. Re2 Bxd2 25. Rdxd2 c4 26. b3 cxb3 27. axb3 Kf7 28. Ra2 Re7 29. b4 Rc8 30. Ra5 Rcc7 31. f4 Kf6 32. Kf2 e5 33. fxe5+ Rxe5 34. Rea2 Re4 35. Rxa7 Rxa7 36. Rxa7 Rc4 37. Ra3 h5 38. Ke3 Ke5 39. Kd3 Rg4 40. Ra2 Rg3+ 0-1


[Site "http://www.Chess.com"]

[Event "FIDE World Rapid Chess Championship 2021"]
[White "Lubczynski, Rafal"]
[Black "Nasuta, Grzegorz"]
[WhiteFideId "1126091"]
[BlackFideId "1141686"]
[WhiteElo "2289"]
[BlackElo "2345"]
[Result "0-1"]
[Round "09"]
[TimeControl "900+10"]
[Date "2021.12.27"]
[WhiteClock "0:00:24"]
[BlackClock "0:00:33"]

1. Nf3 d5 2. c4 c6 3. b3 Bf5 4. Bb2 e6 5. g3 Nf6 6. Bg2 Be7 7. O-O O-O 8. d3 h6 9. Nbd2 Nbd7 10. Rc1 a5 11. a3 Bh7 12. Rc2 c5 13. cxd5 exd5 14. Re1 d4 15. b4 axb4 16. axb4 b6 17. Nc4 Rc8 18. b5 Re8 19. e3 dxe3 20. fxe3 Nd5 21. Rd2 Bf6 22. Qb3 Bxb2 23. Qxb2 Qc7 24. Qb3 Rcd8 25. e4 Nb4 26. e5 Bxd3 27. Nd6 Re6 28. Rxd3 Nxd3 29. Qxd3 Nxe5 30. Rxe5 Rdxd6 31. Qe2 c4 32. Rxe6 Rxe6 33. Qf2 c3 34. Nd4 Qc5 35. Nc2 Re2 36. Qxc5 bxc5 37. b6 Rxc2 38. b7 Rb2 39. Be4 Rxb7 0-1


[Site "http://www.Chess.com"]

[Event "FIDE World Rapid Chess Championship 2021"]
[White "Firouzja, Alireza"]
[Black "Nakamura, Hikaru"]
[WhiteFideId "12573981"]
[BlackFideId "2016192"]
[WhiteElo "2656"]
[BlackElo "2836"]
[Result "1/2-1/2"]
[Round "10"]
[TimeControl "900+10"]
[Date "2021.12.28"]
[WhiteClock "0:00:03"]
[BlackClock "0:00:50"]

1. e4 e5 2. Nf3 Nc6 3. Bc4 Bc5 4. c3 Nf6 5. d3 O-O 6. O-O d5 7. exd5 Nxd5 8. Re1 Bg4 9. a4 Nb6 10. Bb3 a5 11. h3 Bh5 12. Nbd2 Kh8 13. Ne4 Nd7 14. Bd5 Ba7 15. Ng3 Bxf3 16. Qxf3 f5 17. d4 f4 18. Nh5 Qg5 19. Bd2 Rad8 20. Rad1 Ndb8 21. Ba2 g6 22. Ng3 exd4 23. Ne2 Qf6 24. cxd4 Nxd4 25. Nxd4 Bxd4 26. Re6 Qg7 27. Qxb7 Bf6 28. Ree1 c5 29. Qxg7+ Kxg7 30. Bxa5 Rxd1 31. Rxd1 Bxb2 32. Bb6 Bd4 33. Bd5 Nd7 34. Bc7 Be5 35. Bxe5+ Nxe5 36. a5 Rd8 37. a6 Nc6 38. Kf1 Kf6 39. Ke2 Na7 40. Rd3 Ke5 41. Bf3 Rd4 42. Rc3 Ra4 43. Rxc5+ Kd6 44. Rd5+ Ke6 45. Rd8 Rxa6 46. Bd5+ Ke5 47. Bg8 Nc6 48. Rd5+ Kf6 49. Rd6+ Ke7 50. Rd2 1/2-1/2


[Site "http://www.Chess.com"]

[Event "FIDE World Rapid Chess Championship 2021"]
[White "Duda, Jan-Krzysztof"]
[Black "Cheparinov, Ivan"]
[WhiteFideId "1170546"]
[BlackFideId "2905540"]
[WhiteElo "2801"]
[BlackElo "2621"]
[Result "1/2-1/2"]
[Round "10"]
[TimeControl "900+10"]
[Date "2021.12.28"]
[WhiteClock "0:00:55"]
[BlackClock "0:00:32"]

1. d4 Nf6 2. c4 e6 3. Nf3 d5 4. Nc3 Be7 5. Bf4 O-O 6. e3 Nbd7 7. c5 c6 8. Bd3 b6 9. b4 a5 10. a3 Ba6 11. O-O Qc8 12. Rb1 axb4 13. axb4 Bxd3 14. Qxd3 Qb7 15. Ne1 Rfc8 16. Qc2 Nh5 17. Nd3 Nxf4 18. exf4 Ra3 19. Rfd1 Rca8 20. g3 Bf6 21. Ne5 Nxe5 22. fxe5 Be7 23. Rb2 f6 24. Ne2 b5 25. Nf4 Qd7 26. Qe2 f5 27. h4 g6 28. Kg2 Bf8 29. Rd3 Bh6 30. Rxa3 Rxa3 31. Ra2 Rxa2 32. Qxa2 Bxf4 33. Qa8+ Kg7 34. gxf4 h5 35. Qb8 Kh7 36. Qf8 Qa7 37. Qe8 Qa1 38. Qf7+ Kh8 39. Qxg6 Qg1+ 40. Kxg1 1/2-1/2


[Site "http://www.Chess.com"]

[Event "FIDE World Rapid Chess Championship 2021"]
[White "Amin, Bassem"]
[Black "Caruana, Fabiano"]
[WhiteFideId "10601457"]
[BlackFideId "2020009"]
[WhiteElo "2614"]
[BlackElo "2770"]
[Result "0-1"]
[Round "10"]
[TimeControl "900+10"]
[Date "2021.12.28"]
[WhiteClock "0:00:20"]
[BlackClock "0:04:20"]

1. e4 e6 2. d3 d5 3. Nd2 Nf6 4. Ngf3 Nc6 5. c3 Bd6 6. Be2 O-O 7. O-O e5 8. exd5 Nxd5 9. Nc4 Re8 10. a4 Bf8 11. a5 a6 12. Re1 f6 13. Bf1 Bg4 14. h3 Bh5 15. g3 Qd7 16. Bg2 Kh8 17. Qb3 Bf7 18. Nfd2 Rab8 19. Ne4 h6 20. g4 Nf4 21. Bxf4 exf4 22. Qc2 Rbd8 23. Bf1 f5 24. gxf5 Qxf5 25. f3 Be7 26. b4 Bh4 27. Red1 Bh5 28. Bg2 Ne7 29. Rd2 Nd5 30. Re2 Re6 31. Rf1 b5 32. axb6 cxb6 33. d4 b5 34. Nc5 Qxc2 35. Rxc2 Ree8 36. Ne5 Ne3 37. Ra2 Bf6 38. Ned3 Nxf1 39. Kxf1 Bf7 40. Rxa6 Bc4 41. Kf2 Bh4+ 42. Kg1 Re3 43. Nxf4 Bg3 44. Ng6+ Kh7 45. Bf1 Re1 46. Kg2 Rxf1 47. Ne6 Bxe6 48. Kxf1 Bxh3+ 49. Ke2 0-1


[Site "http://www.Chess.com"]

[Event "FIDE World Rapid Chess Championship 2021"]
[White "Hovhannisyan, Robert"]
[Black "Jobava, Baadur"]
[WhiteFideId "13302507"]
[BlackFideId "13601520"]
[WhiteElo "2613"]
[BlackElo "2679"]
[Result "1/2-1/2"]
[Round "10"]
[TimeControl "900+10"]
[Date "2021.12.28"]
[WhiteClock "0:01:38"]
[BlackClock "0:02:25"]

1. e4 c6 2. d4 d5 3. e5 Bf5 4. Nf3 e6 5. Be2 Nd7 6. O-O h6 7. c3 Ne7 8. a4 a5 9. Na3 Bh7 10. Nc2 Ng6 11. g3 Be7 12. h4 O-O 13. h5 Nh8 14. Bd3 Bxd3 15. Qxd3 Qe8 16. Kg2 f6 17. Rh1 Nf7 18. Bf4 fxe5 19. Nxe5 Nfxe5 20. Bxe5 Rf5 21. Qe2 Ra6 22. Ne3 Rf7 23. f4 c5 24. Rhf1 Rb6 25. Rf2 Nxe5 26. dxe5 c4 27. f5 Bc5 28. f6 Qc6 29. Kh3 d4 30. Nxc4 d3 31. Qxd3 Bxf2 32. Qd8+ Kh7 33. Qd3+ Kg8 34. Qd8+ Rf8 35. Qe7 Rf7 1/2-1/2


[Site "http://www.Chess.com"]

[Event "FIDE World Rapid Chess Championship 2021"]
[White "Van Foreest, Jorden"]
[Black "Aronian, Levon"]
[WhiteFideId "1039784"]
[BlackFideId "13300474"]
[WhiteElo "2563"]
[BlackElo "2728"]
[Result "0-1"]
[Round "10"]
[TimeControl "900+10"]
[Date "2021.12.28"]
[WhiteClock "0:01:55"]
[BlackClock "0:02:08"]

1. e4 e5 2. Nf3 Nc6 3. d4 exd4 4. Nxd4 Nf6 5. Nxc6 bxc6 6. Nd2 d6 7. Bc4 g6 8. Nf3 Nxe4 9. Qd4 Nf6 10. O-O d5 11. Bg5 Bg7 12. Rfe1+ Be6 13. Ba6 h6 14. Bf4 O-O 15. Bb7 Ne4 16. Be5 c5 17. Qa4 Rb8 18. Bxg7 Kxg7 19. Qxa7 c6 20. Bxc6 Rxb2 21. c4 Qf6 22. cxd5 Bf5 23. d6 Nxd6 24. Qxc5 Rc2 25. Qd5 Be4 26. Qd4 Bxc6 27. Qxf6+ Kxf6 28. Ne5 Re8 29. Ng4+ Kg7 30. Rxe8 Bxe8 31. Ne3 Rc5 32. h3 Nf5 33. Nf1 Bb5 34. Nd2 Rc2 35. Nf3 Bc6 36. Ne5 Rc5 37. Nd3 Ra5 38. Nb4 Bd7 39. Rd1 Be6 40. Rd2 Ra4 41. Rb2 h5 42. Kh2 Nd6 43. Kg1 Ne4 44. f3 Nc3 45. Kh2 h4 46. Nd3 Rxa2 47. Rb4 Ra4 48. Rb7 Rc4 49. Nf2 Ne2 50. Ne4 Bd5 51. Nd6 Bxb7 52. Nxc4 Nf4 0-1


[Site "http://www.Chess.com"]

[Event "FIDE World Rapid Chess Championship 2021"]
[White "Chigaev, Maksim"]
[Black "Fedoseev, Vladimir"]
[WhiteFideId "4108116"]
[BlackFideId "24130737"]
[WhiteElo "2605"]
[BlackElo "2692"]
[Result "0-1"]
[Round "10"]
[TimeControl "900+10"]
[Date "2021.12.28"]
[WhiteClock "0:00:20"]
[BlackClock "0:01:02"]

1. d4 Nf6 2. c4 c5 3. d5 e6 4. Nc3 exd5 5. cxd5 d6 6. e4 g6 7. f4 Bg7 8. Bb5+ Nfd7 9. Nf3 O-O 10. O-O a6 11. Bd3 b5 12. f5 Ne5 13. Nxe5 Bxe5 14. Bf4 Nd7 15. Qd2 f6 16. Kh1 g5 17. Be3 Nb6 18. a3 Bd7 19. Rab1 Qe7 20. Rfc1 Nc4 21. Bxc4 bxc4 22. Nd1 Rab8 23. Rxc4 Rb3 24. Qc2 Rfb8 25. Bd2 Qe8 26. Bc3 a5 27. Rc1 a4 28. Bxe5 Qxe5 29. Qd2 Qe7 30. h3 Qe8 31. Ne3 h5 32. Nd1 Kg7 33. R1c3 R3b7 34. Re3 Qe5 35. Rcc3 Be8 36. Qc2 h4 37. Qc1 Bh5 38. Nf2 Qd4 39. e5 Rxb2 40. exf6+ Kh6 41. Qe1 Rxf2 42. f7 Rxf5 43. Rcd3 Qf4 44. Rf3 Bxf3 45. Rxf3 Qe5 0-1


[Site "http://www.Chess.com"]

[Event "FIDE World Rapid Chess Championship 2021"]
[White "Mitrabha, Guha"]
[Black "Onyshchuk, Volodymyr"]
[WhiteFideId "5057000"]
[BlackFideId "14114038"]
[WhiteElo "2107"]
[BlackElo "2687"]
[Result "1-0"]
[Round "10"]
[TimeControl "900+10"]
[Date "2021.12.28"]
[WhiteClock "0:02:17"]
[BlackClock "0:00:57"]

1. d4 d6 2. Nf3 g6 3. g3 Bg7 4. Bg2 Nf6 5. O-O O-O 6. c4 Nc6 7. Nc3 e5 8. dxe5 dxe5 9. Bg5 h6 10. Qxd8 Rxd8 11. Bxf6 Bxf6 12. Nd5 Kg7 13. Nxc7 Rb8 14. e4 Be7 15. Rfd1 Be6 16. Nd5 Bc5 17. Rd2 a5 18. Rad1 Rbc8 19. Bf1 Bg4 20. Be2 Bxf3 21. Bxf3 Nd4 22. Rd3 h5 23. Kg2 Rc6 24. Rc1 Rdc8 25. a3 a4 26. Bd1 Ra6 27. h4 Ne6 28. Nc3 Rca8 29. Rd5 Bd4 30. Nb5 Rb6 31. Rc2 Rc8 32. f4 Be3 33. Rxe5 Nd4 34. Nxd4 Bxd4 35. Rd5 Bxb2 36. c5 Rb3 37. Rcd2 Bc3 38. Bxb3 Bxd2 39. Bxa4 Bc1 40. Rd7 Bxa3 41. Bb3 Rf8 42. Rc7 Kh6 43. Bxf7 Bxc5 44. Bxg6 Bd6 45. Rd7 1-0


[Site "http://www.Chess.com"]

[Event "FIDE World Rapid Chess Championship 2021"]
[White "Gukesh, D"]
[Black "Gelfand, Boris"]
[WhiteFideId "46616543"]
[BlackFideId "2805677"]
[WhiteElo "2050"]
[BlackElo "2648"]
[Result "1-0"]
[Round "10"]
[TimeControl "900+10"]
[Date "2021.12.28"]
[WhiteClock "0:00:16"]
[BlackClock "0:00:22"]

1. d4 Nf6 2. c4 e6 3. Nf3 d5 4. Nc3 c6 5. Bg5 h6 6. Bxf6 Qxf6 7. e3 g6 8. Be2 Bg7 9. e4 O-O 10. O-O Rd8 11. Qc2 Qe7 12. Rad1 dxc4 13. Bxc4 Nd7 14. h3 b5 15. Bb3 Bb7 16. d5 Nc5 17. dxe6 Nxe6 18. a3 a6 19. Ne2 Nc5 20. Ba2 Nxe4 21. Nf4 Ng5 22. Nxg5 Qxg5 23. Nxg6 c5 24. f4 Qf6 25. Ne5 c4 26. Bb1 Rxd1 27. Rxd1 Rd8 28. Rd7 Bd5 29. Kh1 Be6 30. Ra7 Kf8 31. Qe4 Qh4 32. Kh2 Qf2 33. Rc7 Qxb2 34. Nxf7 Qd4 35. Nxd8 1-0


[Site "http://www.Chess.com"]

[Event "FIDE World Rapid Chess Championship 2021"]
[White "Alekseenko, Kirill"]
[Black "Gareyev, Timur"]
[WhiteFideId "4135539"]
[BlackFideId "14200937"]
[WhiteElo "2637"]
[BlackElo "2578"]
[Result "1-0"]
[Round "10"]
[TimeControl "900+10"]
[Date "2021.12.28"]
[WhiteClock "0:00:14"]
[BlackClock "0:00:22"]

1. e4 e5 2. Nf3 Nc6 3. Bc4 Nf6 4. d3 h6 5. O-O d6 6. a4 a5 7. c3 g5 8. Na3 Bg7 9. Nc2 O-O 10. Ne3 Ne7 11. Qc2 c6 12. Bb3 Ng6 13. d4 g4 14. Ne1 Be6 15. dxe5 Nxe5 16. Nf5 Bxb3 17. Qxb3 Nxe4 18. Nxh6+ Bxh6 19. Bxh6 Re8 20. f3 Qh4 21. Be3 g3 22. h3 Nf6 23. f4 Nd3 24. Nf3 Qh5 25. Qxb7 Rab8 26. Qa7 Rxb2 27. Rab1 Re2 28. Rb8 c5 29. Rxe8+ Nxe8 30. Qe7 f5 31. Ng5 Nxf4 32. Kh1 c4 33. Rb1 d5 34. Qe5 Rb2 35. Rxb2 Nd3 36. Qe6+ Kf8 37. Qxf5+ Kg8 38. Qxd5+ 1-0


[Site "http://www.Chess.com"]

[Event "FIDE World Rapid Chess Championship 2021"]
[White "Rapport, Richard"]
[Black "Volokitin, Andrei"]
[WhiteFideId "738590"]
[BlackFideId "14107090"]
[WhiteElo "2750"]
[BlackElo "2631"]
[Result "1/2-1/2"]
[Round "10"]
[TimeControl "900+10"]
[Date "2021.12.28"]
[WhiteClock "0:00:44"]
[BlackClock "0:00:29"]

1. e4 c5 2. Nf3 d6 3. Bd3 Nf6 4. O-O Nc6 5. Re1 Bg4 6. Bb5 e5 7. c3 Be7 8. h3 Bh5 9. d4 Bxf3 10. gxf3 cxd4 11. cxd4 O-O 12. Bxc6 bxc6 13. dxe5 dxe5 14. Qxd8 Rfxd8 15. Be3 Nh5 16. Nd2 Nf4 17. Bxf4 exf4 18. Nc4 Bc5 19. Rac1 Bd4 20. Kg2 c5 21. h4 h5 22. e5 Rd5 23. Re4 Re8 24. Rce1 Re6 25. Rd1 f5 26. Rxf4 g6 27. b4 Bxe5 28. Rxd5 Bxf4 29. b5 Re2 30. Rd8+ Kf7 31. Rd7+ Re7 32. Rd8 Re2 33. Ra8 Re7 34. a4 Ke6 35. Na5 Rc7 36. Nc4 Kd5 37. b6 axb6 38. Nxb6+ Kc6 39. Nc4 Kd5 40. Nb6+ Kc6 41. a5 Kb7 42. Re8 Rc6 43. Nc4 Ka6 44. Ra8+ Kb5 45. Na3+ Kb4 46. Nc2+ Kb3 47. Ne1 c4 48. a6 Kc3 49. Kf1 Bd2 50. Ng2 f4 51. Ke2 Kc2 52. a7 Re6+ 53. Ne3+ fxe3 54. Rc8 exf2+ 55. Kf1 Ra6 56. a8=Q Rxa8 57. Rxa8 c3 58. Kxf2 Kd1 59. Ra1+ Bc1 60. f4 c2 61. Kf3 Kd2 62. f5 gxf5 63. Kf4 Bb2 64. Rh1 Ke2 65. Rh2+ Kd3 66. Rxc2 Kxc2 67. Kxf5 Kd3 68. Kg5 Ke4 69. Kxh5 Ke5 1/2-1/2


[Site "http://www.Chess.com"]